Map: Alcyone LE

Players

A.I. 2 (Very Easy) - Winner!

  • Race: Protoss Protoss
  • Spawn Location: 1:00

CaptainClub

  • Race: Terran Terran
  • League: Master
  • Spawn Location: 7:00

VOD

Have the link to the VOD?

Description

Time

  • Played on: May 8, 2024, 11 p.m.
  • Length: 8:37
Show
View Real Time Build Order
Export as new Build Order

A.I. 2 (Very Easy) Protoss - Winner!

Build Orders:  

Get SALT Encoding   

  12  0:00  Probe  
  13  0:13  Probe  
  14  0:19  Pylon  
  14  0:36  Assimilator  
  14  0:42  Gateway  
  14  0:45  Pylon  
  14  1:12  Assimilator  
  14  1:21  Zealot  
  14  1:22  Probe  
  14  1:30  Probe  
  17  1:33  Cybernetics Core  
  18  1:40  Probe  
  19  1:52  Probe  
  20  1:59  Warp Gate  
  20  2:01  Probe  
  21  2:09  Probe  
  22  2:40  Stalker  
  24  7:10  Probe  
  24  7:15  Adept  
  27  7:16  Pylon  
  27  7:17  Robotics Facility  
  27  7:18  Probe  
  27  7:21  Nexus  
  28  7:26  Probe  
  24  7:34  Probe  
  26  7:47  Probe  
  26  7:55  Probe  
  23  8:03  Pylon  
  22  8:06  Robotics Facility  
Show
View Real Time Build Order
Export as new Build Order

CaptainClub Terran 

Build Orders:  

Get SALT Encoding   

  12  0:00  SCV  
  13  0:13  SCV  
  14  0:19  Supply Depot  
  14  0:25  SCV  
  15  0:40  SCV  
  16  0:42  Barracks  
  16  0:45  Refinery  
  16  0:53  SCV  
  17  1:10  SCV  
  18  1:22  SCV  
  19  1:31  Barracks Reactor, Marine  
  20  1:34  Command Center  
  20  1:40  Orbital Command  
  20  1:49  Bunker  
  20  1:51  Barracks Reactor  
  20  2:06  SCV  
  20  2:08  Supply Depot  
  21  2:18  Barracks  
  21  2:20  SCV  
  22  2:27  Marine  
  22  2:29  Marine  
  24  2:40  SCV  
  25  2:45  Barracks  
  25  2:46  Orbital Command  
  25  2:51  Marine  
  25  2:52  Marine  
  25  2:57  SCV  
  28  3:06  Barracks Tech Lab  
  28  3:07  Refinery  
  28  3:09  SCV  
  29  3:13  SCV  
  29  3:14  Marine x2  
  32  3:21  SCV  
  32  3:25  SCV, Stimpack  
  32  3:26  Supply Depot  
  34  3:29  Marine  
  34  3:33  Engineering Bay  
  35  3:34  Barracks Tech Lab  
  35  3:35  SCV  
  35  3:39  Marine, SCV  
  35  3:40  Marine  
  39  3:50  SCV  
  39  3:52  SCV  
  41  3:57  Supply Depot  
  41  3:59  Terran Infantry Weapons Level 1  
  41  4:01  Marine x2  
  41  4:02  Marine x2, SCV  
  46  4:10  SCV  
  46  4:14  SCV  
  46  4:16  Combat Shield  
  48  4:20  Missile Turret  
  48  4:22  Marine, SCV  
  48  4:23  Marauder x2  
  54  4:24  Marine  
  54  4:28  SCV  
  56  4:36  SCV  
  57  4:41  SCV  
  57  4:43  Marine x2  
  57  4:45  Supply Depot  
  62  4:47  Marauder  
  62  4:52  Supply Depot  
  62  4:58  Factory  
  62  5:06  SCV x2  
  62  5:07  Marauder  
  66  5:08  Concussive Shells  
  66  5:10  Marauder  
  68  5:15  Marine  
  68  5:18  SCV  
  68  5:20  Command Center  
  70  5:21  Refinery  
  70  5:23  Supply Depot  
  70  5:24  SCV  
  70  5:28  Marauder  
  73  5:30  SCV  
  73  5:34  Supply Depot  
  74  5:36  SCV  
  74  5:38  Marine x2  
  77  5:43  SCV  
  77  5:44  Starport, Factory Reactor  
  77  5:45  Marauder  
  77  5:48  Barracks, SCV  
  81  5:54  Barracks  
  81  5:55  SCV  
  82  5:57  Terran Infantry Armor Level 1  
  82  6:04  Marine, SCV  
  83  6:05  Marauder  
  83  6:08  Supply Depot  
  86  6:13  SCV  
  86  6:14  Marine, Marauder  
  90  6:18  SCV  
  90  6:24  Supply Depot x2  
  90  6:25  Refinery  
  91  6:26  Marauder  
  91  6:28  SCV  
  91  6:29  Marine  
  91  6:32  Supply Depot, Factory Reactor  
  95  6:35  Barracks Tech Lab  
  95  6:36  Marauder  
  95  6:37  SCV  
  95  6:38  Orbital Command  
  98  6:40  Barracks Reactor  
  98  6:44  Marine, SCV  
  98  6:46  Medivac  
  102  6:47  Marauder  
  102  6:48  Medivac  
  106  6:55  Supply Depot  
  106  6:58  Armory  
  106  7:00  Marauder x2  
  110  7:04  Orbital Command  
  110  7:10  SCV x2  
  110  7:11  Marine, Marauder  
  115  7:21  Marauder  
  117  7:23  Medivac x2  
  117  7:24  Marauder, Widow Mine x2  
  128  7:30  SCV x3  
  128  7:32  Marauder  
  132  7:38  Marine  
  132  7:42  SCV x2  
  132  7:43  Marauder  
  137  7:46  SCV  
  138  7:52  Supply Depot x2  
  138  7:54  Marine, SCV x2  
  138  7:55  Marauder  
  138  7:57  Marauder  
  145  7:59  Widow Mine x2  
  149  8:05  Refinery  
  149  8:06  Refinery  
  149  8:07  Factory  
  149  8:09  Supply Depot  
  149  8:11  Supply Depot  
  149  8:13  Marine x2  
Tags
 
League
Master
Matchup
PvT
Spawn Locations
Cross Positions
Add a new tag
Caveats
  • Supply blocks, unpowered buildings, or Contaminate may cause inaccurate times.
  • Supply counts are checked every 10 seconds.